 Dungeon Crawl Stone Soup version 0.24.0-13-gcf9b319 (webtiles) character file.

Game seed: 3435931649776306053, levelgen mode: deterministic

1276 Fang the Skirmisher (level 8, -1/52 HPs)
             Began as a Gargoyle Berserker on Nov 11, 2019.
             Was a Priest of Trog.
             Slain by a scorpion (3 damage)
             ... in an ossuary.
             The game lasted 00:06:56 (3797 turns).

Fang the Skirmisher (Gargoyle Berserker)            Turns: 3797, Time: 00:06:57

Health: -1/52      AC:  8    Str: 24    XL:     8   Next: 54%
Magic:  8/8        EV: 13    Int:  7    God:    Trog [***...]
Gold:   84         SH:  0    Dex:  9    Spells: 7/7 levels left

rFire    . . .     SeeInvis .   a - +0 war axe
rCold    . . .     Gourm    .   (no shield)
rNeg     + . .     Faith    .   b - +0 animal skin
rPois    ∞         Spirit   .   (no helmet)
rElec    +         Reflect  .   (no cloak)
rCorr    .         Harm     .   (no gloves)
MR       .....                  (no boots)
Stlth    +.........             (no amulet)
HPRegen  0.17/turn              (no ring)
MPRegen  0.11/turn              (no ring)

@: no status effects
A: negative energy resistance 1, electricity resistance, unbreathing,
petrification resistance, rot immunity, AC +5
a: Berserk, Trog's Hand, Renounce Religion


You were in an ossuary.
You worshipped Trog.
Trog was most pleased with you.
You were not hungry.

You visited 1 branch of the dungeon, and saw 4 of its levels.
You also visited: Ossuary.

You collected 84 gold pieces.

Inventory:

Hand Weapons
 a - a +0 war axe (weapon)
Armour
 b - a +0 animal skin (worn)
Jewellery
 o - an uncursed amulet of the acrobat {unknown}
 r - a +4 ring of evasion {unknown}
Scrolls
 f - 2 scrolls of magic mapping {unknown}
 g - 3 scrolls of remove curse {unknown}
 h - 2 scrolls of enchant weapon {unknown}
 m - 2 scrolls of enchant armour {unknown}
 p - 3 scrolls of identify {unknown}
 s - 2 scrolls of blinking {unknown}
 t - a scroll of amnesia {unknown}
 u - a scroll of immolation {unknown}
 v - a scroll of teleportation {unknown}
 x - a scroll of torment {unknown}
Potions
 d - 2 potions of curing {unknown}
 e - 3 potions of flight {unknown}
 i - 2 potions of brilliance {unknown}
 j - 2 potions of lignification {unknown}
 k - a potion of haste {unknown}
 l - 3 potions of degeneration {unknown}
 n - a potion of heal wounds {unknown}
 q - a potion of magic {unknown}
 w - 3 potions of might {unknown}
Comestibles
 c - 7 rations


   Skills:
 + Level 6.4 Fighting
 + Level 5.3 Axes
 + Level 5.8 Armour
 + Level 4.3 Dodging


You had 7 spell levels left.
You didn't know any spells.
Your spell library was empty.

Dungeon Overview and Level Annotations

Branches:
Dungeon (4/15)            Ossuary (1/1)
 Temple: D:4-7

Altars:
Cheibriados
Dithmenos
Nemelex Xobeh
Yredelemnul


Innate Abilities, Weirdness & Mutations

You are resistant to torment.
Your stone body is resilient. (AC +5)
You are immune to poison.
You resist negative energy. (rN+)
You are resistant to electric shocks. (rElec)
You can survive without breathing.
You are immune to petrification.
You are immune to rotting.


Message History

You kill the scorpion!
Trog accepts your kill.
You hit the scorpion.
A spear hits the gnoll zombie!
The scorpion closely misses you. The scorpion stings you!
* * * LOW HITPOINT WARNING * * *
The scorpion stings you.
* * * LOW HITPOINT WARNING * * *
You hit the mummy but do no damage.
The mummy is severely damaged.
You barely miss the scorpion. You hit the scorpion. x2
The scorpion stings you but does no damage. x2
An arrow hits the gnoll zombie!
The scorpion stings you but does no damage.
A scorpion zombie comes into view.
The mummy hits you.
* * * LOW HITPOINT WARNING * * *
The scorpion stings you but does no damage.
You eat one of the 8 rations.
That ration really hit the spot!
The scorpion stings you.
You die...

###################
..#...#^^^#.!!#...
..8...'^^^#?..+...
......#^^^#M?.#Z..
8...8###'#######Z##
......#...#...#ZZ^#
..8...#...8...#sMs#
..#...#.......#^@s#
########8...8##^^^#
..#^^^#.......#^^^#
..#^^^'...8...#^^^#
..#^^^#...#...#^^^#
####'###########'##
#.....#^^^#...#...#
#.....#^^^'...8...#
8.....#^^^#.......#


You could see a mummy, 3 scorpions, a scorpion zombie, 2 gnoll zombies and an
orc zombie.

Vanquished Creatures
  Pikel (D:4)
  3 slaves (D:4)
  An ogre (D:4)
  5 scorpions (Ossuary)
  A howler monkey (D:2)
  2 centaur zombies (Ossuary)
  3 human zombies (Ossuary)
  A jelly (D:3)
  2 orc wizards
  Crazy Yiuf (D:3)
  2 worker ants (D:4)
  2 mummies (Ossuary)
  2 scorpion zombies (Ossuary)
  2 adders
  A howler monkey skeleton (D:4)
  An ooze (D:3)
  2 worms
  3 dart slugs
  4 leopard geckos
  10 orcs
  4 bats
  2 giant cockroaches (D:3)
  3 gnoll zombies (Ossuary)
  7 goblins
  5 hobgoblins
  7 jackals
  4 kobolds
  A quokka (D:4)
  4 goblin zombies (Ossuary)
  A hobgoblin zombie (Ossuary)
  An orc zombie (Ossuary)
  7 rats
95 creatures vanquished.

Notes
Turn   | Place    | Note
-------+----------+-------------------------------------------
     0 | D:1      | Fang the Gargoyle Berserker began the quest for the Orb.
     0 | D:1      | Reached XP level 1. HP: 14/14 MP: 1/1
    15 | D:1      | Reached XP level 2. HP: 13/19 MP: 2/2
   436 | D:1      | Reached ** piety under Trog
   656 | D:1      | Reached XP level 3. HP: 22/23 MP: 3/3
   753 | D:2      | Found a sparkling altar of Nemelex Xobeh.
   881 | D:2      | Found a shadowy altar of Dithmenos.
   919 | D:2      | Reached XP level 4. HP: 15/29 MP: 4/4
  1365 | D:2      | Reached skill level 4 in Fighting
  1728 | D:3      | Found a snail-covered altar of Cheibriados.
  1975 | D:3      | Reached XP level 5. HP: 10/33 MP: 5/5
  2203 | D:3      | Found a basalt altar of Yredelemnul.
  2462 | D:3      | Found a runed translucent door.
  2463 | D:3      | Noticed Crazy Yiuf
  2851 | D:3      | Killed Crazy Yiuf
  3099 | D:4      | Noticed Pikel
  3099 | D:4      | Noticed a slave
  3099 | D:4      | Noticed a slave
  3099 | D:4      | Noticed a slave
  3099 | D:4      | Noticed a slave
  3099 | D:4      | Noticed an ogre
  3104 | D:4      | Reached XP level 6. HP: 39/39 MP: 6/6
  3110 | D:4      | Killed a slave
  3112 | D:4      | Killed a slave
  3112 | D:4      | Killed a slave
  3114 | D:4      | Killed Pikel
  3114 | D:4      | Reached skill level 5 in Fighting
  3114 | D:4      | Reached skill level 5 in Armour
  3114 | D:4      | Reached XP level 7. HP: 20/45 MP: 7/7
  3289 | D:4      | Reached XP level 8. HP: 39/51 MP: 8/8
  3313 | D:4      | Found a sand-covered staircase.
  3349 | Ossuary  | Entered an ossuary
  3416 | Ossuary  | Reached *** piety under Trog
  3416 | Ossuary  | Reached skill level 6 in Fighting
  3416 | Ossuary  | Reached skill level 5 in Axes
  3796 | Ossuary  | HP: 2/52 [mummy (4)]
  3797 | Ossuary  | Slain by a scorpion

Levels and vault maps discovered:
D:1:      minmay_arrival_semitransparent, layout_loops_ring,
          corexii_item_surrounded_by_moat
D:2:      layout_loops_ring, grunt_dithmenos_smoke, lemuel_round_altar
D:3:      layout_basic, kennysheep_slug_shrine, yredelemnul_altar_generic,
          first_ration, serial_bayou_pond_e, uniq_crazy_yiuf_cottage
D:4:      layout_loops_ring, minmay_temple_entry_mist,
          chequers_ossuary_entry_cave, uniq_pikel
Ossuary:  ossuary_minmay_scorpions

Skill      XL: |  1  2  3  4  5  6  7  8 |
---------------+-------------------------+-----
Axes           | 3 4 5 |  5.3
Dodging        | 2 3 4 |  4.3
Armour         | 3 5 |  5.8
Fighting       | 4 5 6 |  6.4

Action                   |  1- 3 |  4- 6 |  7- 9 || total
-------------------------+-------+-------+-------++-------
Melee: Hand axe          |    73 |   134 |    22 ||   229
       War axe           |       |       |    98 ||    98
Invok: Berserk           |     2 |     3 |     2 ||     7
       Trog's Hand       |       |       |     1 ||     1
 Stab: Sleeping          |     1 |     1 |       ||     2
  Eat: Chunk             |     1 |     9 |     4 ||    14
       Ration            |       |       |     1 ||     1
Armor: Animal skin       |    28 |    43 |    58 ||   129
Dodge: Dodged            |    64 |   111 |   110 ||   285
